 Dungeon Crawl Stone Soup version 0.29.1-15-g9cfb28693d (webtiles) character file.

Game seed: 12398537665212332998

1308 GigaChad the Chopper (level 8, -1/53 (61) HPs)
             Began as a Demonspawn Gladiator on Mar 14, 2023.
             Slain by a black bear (7 damage)
             ... on level 5 of the Dungeon.
             The game lasted 00:06:08 (6704 turns).

GigaChad the Chopper (Demonspawn Gladiator)         Turns: 6704, Time: 00:06:09

HP:   -1/53 (61)    AC: 13    Str: 20    XL:     8   Next: 32%
MP:   8/8           EV:  7    Int:  9    God:
Gold: 160           SH:  0    Dex: 22    Spells: 7/7 levels left

rFire   + . .      SeeInvis +   a - +1 war axe
rCold   . . .      Faith    .   (no shield)
rNeg    . . .      Spirit   .   i - +0 plate armour
rPois   +          Reflect  .   (helmet restricted)
rElec   .          Harm     .   D - +0 cloak {rPois}
rCorr   .          Rampage  .   (no gloves)
Will    .....                   (no boots)
Stlth   ..........              (no amulet)
HPRegen 0.17/turn               r - ring "Xihymal" {Drain rF+ Str+2 Dex+6 SInv}
MPRegen 0.11/turn               (no ring)

@: heavily drained
A: horns 1, thin skeletal structure 1, foul stench 1, spiny 1
a: no special abilities


You were on level 5 of the Dungeon.
You visited 1 branch of the dungeon, and saw 6 of its levels.

You collected 160 gold pieces.

Inventory:

Hand Weapons
 a - a +1 war axe (weapon)
 C - a +1 scythe of flaming
Missiles
 d - 5 throwing nets (quivered)
 e - a javelin
Armour
 b - a +0 leather armour
 c - a +0 helmet
 i - a +0 plate armour (worn)
 v - a +0 cloak
 y - an orb of guile
 D - a +0 cloak of poison resistance (worn)
Jewellery
 h - a ring of wizardry
 o - a ring of protection from cold
 r - the ring "Xihymal" (left hand) {Drain rF+ Str+2 Dex+6 SInv}
   (You found it on level 3 of the Dungeon)

   [ring of see invisible]

   Str:       It affects your strength (+2).
   Dex:       It affects your dexterity (+6).
   rF:        It protects you from fire.
   SInv:      It lets you see invisible.
   Drain:     It drains your maximum health when unequipped.
Wands
 z - a wand of flame (13)
 F - a wand of polymorph (6)
Scrolls
 j - 3 scrolls of teleportation
 k - 2 scrolls of fog
 l - 2 scrolls of torment
 q - a scroll of vulnerability
 s - 4 scrolls of identify
 x - a scroll of fear
 E - a scroll of poison
Potions
 f - 2 potions of berserk rage {unknown}
 g - 2 potions of magic {unknown}
 m - a potion of mutation {unknown}
 n - 2 potions of curing {unknown}
 p - 2 potions of invisibility {unknown}
 t - a potion of attraction {unknown}
 u - 3 potions of haste {unknown}
 w - a potion of resistance
 A - 3 potions of heal wounds {unknown}
 B - a potion of brilliance {unknown}


   Skills:
 + Level 4.4 Fighting
 + Level 7.4 Axes
 + Level 1.9 Throwing
 + Level 4.2 Armour
 + Level 3.1 Dodging
 + Level 1.0 Stealth


You had 7 spell levels left.
You didn't know any spells.
Your spell library contained the following spells:

 Spells                   Type           Power      Damage    Failure   Level
 Call Canine Familiar     Summ           0%         N/A       100%        3
 Gell's Gravitas          Tloc           0%         N/A       100%        3
 Lesser Beckoning         Tloc           0%         N/A       100%        3
 Portal Projectile        Hex/Tloc       0%         N/A       100%        3
 Teleport Other           Tloc           0%         N/A       100%        3
 Leda's Liquefaction      Hex/Erth       0%         N/A       100%        4


Dungeon Overview and Level Annotations

Branches:
Dungeon (6/15)
 Temple: D:4-7

Altars:
Fedhas
Kikubaaqudgha
Qazlal
Uskayaw

Shops:
D:4 =

Annotations:
D:5 1 runed translucent door


Innate Abilities, Weirdness & Mutations

You have a pair of small horns on your head.
You have a somewhat thin skeletal structure. (Dex +2, Stealth+)
You may rarely emit foul miasma when damaged in melee.
You are partially covered in sharp spines.


Message History

The black bear closely misses you.
The black bear claws you but does no damage.
The wight completely misses you.
You climb upwards.
Level annotation: 1 runed translucent door
There is a stone staircase leading down here.
The black bear barely misses you.
The black bear claws you but does no damage. x2
The wight is struck by your spines. The wight barely misses you. x2
You climb downwards.
The hound bites you but does no damage.
The wight hits you with a +0 long sword!
You feel drained. The hound bites you but does no damage.
The wight is struck by your spines. The wight hits you but does no damage.
The wight barely misses you.
There is a stone staircase leading up here.
The hound is struck by your spines. The hound bites you but does no damage.
The black bear is struck by your spines.
The black bear bites you.
The black bear claws you but does no damage.
The black bear closely misses you. The wight is struck by your spines.
The wight hits you with a +3 flail.
You feel drained. The wight hits you with a +0 falchion!
* * * LOW HITPOINT WARNING * * *
You feel drained.
* * * LOW HITPOINT WARNING * * *
The hound pauses to sniff the ground.
The hound is struck by your spines. The hound completely misses you.
The wight is struck by your spines. The wight barely misses you.
The wight hits you with a +0 long sword.
* * * LOW HITPOINT WARNING * * *
You climb upwards.
Level annotation: 1 runed translucent door
There is a stone staircase leading down here.
You hit the wight.
The wight is severely damaged.
You slash the wight! You hit the wight. You barely miss the black bear.
You hit the wight. You hit the hound. The hound bites you.
* * * LOW HITPOINT WARNING * * *
The black bear bites you!
You die...

######.####.###.#..##...#.######.
######.####.###.#..##...#.#### #.
.............................###.
######.####.##..#..##...#.##.....
.#####.####.##...................
.##...................(...##.##..
.####..###..##..#................
.# #...........zzh...)..####.#.#.
.# #.P._.P..##.h@z....))# ##.....
.# #........##.z.##.#([.# #......
.# #...###..............# #....#.
.# ##...............#...###....#.
.####..###.###...#.............#.
.##....................####....#.
.##......#.###...#...####........
.##......#.# #...#...####........
.#.........# #...................


You could see a black bear, a hound and 4 wights.

Vanquished Creatures
  Sigmund (D:4)
  The ghost of AverageBear the Chopper, an amateur DsFi (D:5)
  Duvessa (D:5)
  A black bear (D:4)
  A centaur (D:4)
  An ogre (D:5)
  3 scorpions
  A wight (D:5)
  Dowan (D:5)
  A hound (D:4)
  2 orc priests (D:5)
  2 orc wizards (D:4)
  Natasha (thrice) (D:4)
  An iguana (D:4)
  Robin (D:4)
  5 adders
  5 worms
  2 dart slugs
  10 orcs
  5 bats
  3 endoplasms
  2 giant cockroaches (D:1)
  15 goblins
  9 hobgoblins
  4 quokkas
  7 ball pythons
  A frilled lizard (D:1)
  4 kobolds
  9 rats
102 creatures vanquished.

Notes
Turn   | Place    | Note
-------+----------+-------------------------------------------
     0 | D:1      | GigaChad the Demonspawn Gladiator began the quest for the
                  | Orb.
     0 | D:1      | Reached XP level 1. HP: 16/16 MP: 1/1
   706 | D:1      | Gained mutation: You have a pair of small horns on your
                  | head. [demonic ancestry]
   706 | D:1      | Reached XP level 2. HP: 22/22 MP: 2/2
   824 | D:1      | Reached skill level 3 in Axes
  1682 | D:2      | Reached XP level 3. HP: 9/27 MP: 3/3
  2114 | D:2      | Reached skill level 1 in Armour
  3243 | D:3      | Gained mutation: You may rarely emit foul miasma when
                  | damaged in melee. [demonic ancestry]
  3243 | D:3      | Reached XP level 4. HP: 33/33 MP: 4/4
  3337 | D:3      | Identified the ring "Xihymal" {Drain rF+ Str+2 Dex+6 SInv}
  3345 | D:3      | Found an ancient bone altar of Kikubaaqudgha.
  3346 | D:3      | Found a blossoming altar of Fedhas.
  3902 | D:4      | Noticed a black bear
  3917 | D:4      | Killed a black bear
  3918 | D:4      | Reached skill level 4 in Axes
  3918 | D:4      | Reached skill level 1 in Stealth
  3918 | D:4      | Reached XP level 5. HP: 12/39 MP: 5/5
  4235 | D:4      | Noticed Robin
  4235 | D:4      | Noticed Natasha
  4242 | D:4      | Killed Robin
  4250 | D:4      | Killed Natasha
  4259 | D:4      | Noticed Natasha
  4273 | D:4      | Killed Natasha
  4355 | D:4      | Noticed a centaur
  4359 | D:4      | Gained mutation: You are partially covered in sharp spines.
                  | [demonic ancestry]
  4359 | D:4      | Reached XP level 6. HP: 45/46 MP: 6/6
  4373 | D:4      | Reached skill level 5 in Axes
  4389 | D:4      | Noticed Natasha
  4396 | D:4      | Killed Natasha
  4631 | D:4      | Found Heicyunle's Jewellery Shoppe.
  4706 | D:4      | Found a hide-covered altar of Uskayaw.
  4852 | D:4      | Noticed Sigmund
  4860 | D:4      | Reached XP level 7. HP: 28/52 MP: 7/7
  4862 | D:4      | Killed Sigmund
  4863 | D:4      | Reached skill level 6 in Axes
  5085 | D:5      | Entered Level 5 of the Dungeon
  5403 | D:5      | Found a runed translucent door.
  5406 | D:5      | Noticed AverageBear's ghost (amateur DsFi)
  5431 | D:5      | Killed AverageBear's ghost
  5432 | D:5      | Reached skill level 7 in Axes
  5432 | D:5      | Gained mutation: You have a somewhat thin skeletal
                  | structure. (Dex +2, Stealth+) [demonic ancestry]
  5432 | D:5      | Reached XP level 8. HP: 6/60 MP: 8/8
  5937 | D:5      | Found a runed translucent door.
  5992 | D:5      | Noticed Duvessa
  5993 | D:5      | Noticed Dowan
  6001 | D:5      | Killed Duvessa
  6008 | D:5      | Killed Dowan
  6323 | D:5      | Found a stormy altar of Qazlal.
  6704 | D:5      | Slain by a black bear

Illustrated notes

Levels and vault maps discovered:
D:1:      wheals_arrival_linesprint, layout_loops_corners, minmay_hexomino_f4
D:2:      layout_loops_corners
D:3:      layout_loops_ring, grunt_temple_overflow_growth_and_decay,
          minmay_misc_feat_ornament, nicolae_wormholes
D:4:      layout_basic, eat_drink_and_be_merry_uskayaw, serial_shops,
          nicolae_shop_temple_entry_statues_fountains, uniq_robin, uniq_sigmund,
          uniq_natasha
D:5:      layout_basic, mainiacjoe_overflow_tiny_flanked, ebering_ghost_sewer_f,
          nicolae_titane, uniq_duvessa
D:6:      layout_rooms, minmay_temple_entry_antechambers

Skill      XL: |  1  2  3  4  5  6  7  8 |
---------------+-------------------------+-----
Axes           | 3 4 5 7 |  7.4
Armour         | 1 2 3 4 |  4.2
Dodging        | 3 |  3.1
Stealth        | 1 |  1.0
Fighting       | 3 4 |  4.4
Throwing       | |  1.9

Action                   |  1- 3 |  4- 6 |  7- 9 || total
-------------------------+-------+-------+-------++-------
Melee: War axe           |   122 |    82 |    71 ||   275
       Headbutt          |    13 |    13 |    18 ||    44
       Punch             |     1 |     1 |     2 ||     4
  Use: Scroll            |     6 |     3 |       ||     9
 Stab: Sleeping          |     1 |       |       ||     1
Armor: Leather armour    |    32 |       |       ||    32
       Plate armour      |    17 |    88 |    44 ||   149
Dodge: Dodged            |    83 |    53 |    19 ||   155
